 Dungeon Crawl Stone Soup version 0.29.1-12-g30fa7ad0bf (webtiles) character file.

Game seed: 13019676035336579490

212 fishmans the Cudgeller (level 5, 0/32 HPs)
             Began as a Gargoyle Fighter on Jan 4, 2023.
             Splashed by a jelly's acid (8 damage)
             ... on level 3 of the Dungeon.
             The game lasted 00:11:26 (3288 turns).

fishmans the Cudgeller (Gargoyle Fighter)           Turns: 3288, Time: 00:11:26

Health: 0/32       AC: -1    Str: 21    XL:     5   Next: 89%
Magic:  5/5        EV:  9    Int:  9    God:
Gold:   154        SH:  4    Dex:  9    Spells: 4/4 levels left

rFire   . . .      SeeInvis .   a - +0 flail
rCold   . . .      Faith    .   c - +0 buckler
rNeg    + . .      Spirit   .   b - +0 scale mail
rPois   ∞          Reflect  .   (no helmet)
rElec   +          Harm     .   (no cloak)
rCorr   .          Rampage  .   (no gloves)
Will    .....                   (no boots)
Stlth   ..........              (no amulet)
HPRegen 0.10/turn               o - ring of wizardry
MPRegen 0.09/turn               (no ring)

@: corroded
A: sickness immunity, AC +4, negative energy resistance 1, electricity
resistance, torment resistance 1, petrification resistance
a: no special abilities


You were on level 3 of the Dungeon.
You visited 1 branch of the dungeon, and saw 4 of its levels.

You collected 154 gold pieces.

Inventory:

Hand Weapons
 a - a +0 flail (weapon)
Armour
 b - a +0 scale mail (worn)
 c - a +0 buckler (worn)
Jewellery
 o - a ring of wizardry (left hand)
Wands
 l - a wand of flame (18)
Scrolls
 d - a scroll of enchant weapon {unknown}
 m - a scroll of amnesia
 n - a scroll of poison {unknown}
 q - a scroll of blinking
 r - a scroll of summoning {unknown}
Potions
 e - a potion of attraction {unknown}
 f - 3 potions of curing
 g - 2 potions of berserk rage {unknown}
 h - a potion of degeneration {unknown}
 i - a potion of heal wounds {unknown}
 j - a potion of flight {unknown}
 k - a potion of invisibility {unknown}


   Skills:
 - Level 3.2 Fighting
 + Level 5.9 Maces & Flails
 - Level 3.2 Armour
 - Level 3.2 Shields


You had 4 spell levels left.
You didn't know any spells.
Your spell library contained the following spells:

 Spells                   Type           Power      Damage    Failure   Level
 Beastly Appendage        Tmut           0%         N/A       47%         1
 Wereblood                Tmut           0%         N/A       61%         2
 Spider Form              Tmut/Pois      0%         N/A       83%         3


Dungeon Overview and Level Annotations

Branches:
Dungeon (4/15)
 Temple: D:4-7

Altars:

Shops:
D:2 :

Annotations:
D:2 exclusion: downstairs


Innate Abilities, Weirdness & Mutations

You are immune to sickness and miasma.
Your stone body is resilient. (AC +4)
You are immune to poison.
You resist negative energy. (rN+)
You are resistant to electric shocks. (rElec)
You are resistant to unholy torment.
You are immune to petrification.


Message History

You block the scorpion's attack.
You hit the scorpion.
You kill the scorpion!
You start resting.
HP restored.
You climb downwards.
There is a stone staircase leading up here.
An endoplasm comes into view.
The endoplasm jiggles.
A jelly comes into view.
The jelly quivers.
There is a stone staircase leading up here.
The endoplasm closely misses you. The jelly hits you but does no damage.
You climb upwards.
There is a stone staircase leading down here.
You hit the jelly but do no damage. The acid corrodes you!
Your hands burn!
The endoplasm closely misses you. The jelly hits you but does no damage.
You hit the jelly but do no damage. The acid corrodes you!
Your hands burn!
The endoplasm freezes you.
You are frozen.
The jelly hits you but does no damage.
You hit the jelly.
Your hands burn!
The jelly is lightly wounded.
The endoplasm hits you. The jelly barely misses you.
You barely miss the jelly.
The jelly is lightly wounded.
The endoplasm barely misses you. The jelly barely misses you.
The endoplasm barely misses you. The jelly barely misses you.
You hit the jelly but do no damage. The acid corrodes you!
Your hands burn!
The jelly is lightly wounded.
The endoplasm closely misses you. The jelly hits you.
You are splashed with acid!
You hit the jelly.
Your hands burn!
The jelly is heavily wounded.
The endoplasm freezes you.
You are frozen.
* * * LOW HITPOINT WARNING * * *
The jelly hits you.
* * * LOW HITPOINT WARNING * * *
The acid corrodes you!
You are splashed with acid!
You die...

.# ##...# #......#........ .#
###..########[.....#........
.#####...###.......######........
...................# #.........
.#####.#####.......#####.#.......
.####..# ###.....................
.......###..<......#####.#.......
...........#....JJ....##.#.......
#......###......@..##....#.......
#......#...#......(#######.......
#........##########...## #.......
....÷###### ##.....####......
..........# #.......# ##.....
..........# #.......# ######
..........# #.......# ..........#
##.....## ..........# ##.)...##


You could see a jelly and an endoplasm.

Vanquished Creatures
  A scorpion (D:3)
  3 gnolls (D:3)
  6 adders
  A dart slug (D:3)
  8 orcs
  3 ball pythons
  8 bats
  2 endoplasms
  2 giant cockroaches
  2 goblins
  7 hobgoblins
  2 jackals (D:1)
  2 quokkas (D:1)
  6 frilled lizards
  4 kobolds
  3 rats
60 creatures vanquished.

Notes
Turn   | Place    | Note
-------+----------+-------------------------------------------
     0 | D:1      | fishmans the Gargoyle Fighter began the quest for the Orb.
     0 | D:1      | Reached XP level 1. HP: 14/14 MP: 1/1
   212 | D:1      | Reached XP level 2. HP: 19/19 MP: 2/2
   490 | D:1      | Reached skill level 3 in Maces & Flails
   495 | D:1      | Found a faded altar of an unknown god.
  1080 | D:1      | Reached XP level 3. HP: 23/23 MP: 3/3
  1342 | D:2      | Reached skill level 4 in Maces & Flails
  1403 | D:2      | Found Jiojiusu's Book Emporium.
  1633 | D:2      | Reached XP level 4. HP: 23/28 MP: 4/4
  2379 | D:3      | Reached skill level 5 in Maces & Flails
  2379 | D:3      | Reached XP level 5. HP: 14/32 MP: 5/5
  3288 | D:3      | Splashed by a jelly's acid

Illustrated notes

Levels and vault maps discovered:
D:1:      scummos_arrival_forest, layout_basic,
          hellmonk_ecumenical_altar_leap_of_faith
D:2:      layout_rooms, serial_shops, shop
D:3:      layout_rooms, grunt_ministairs_15
D:4:      layout_rooms, nicolae_tso_besieged_by_evil,
          minmay_temple_entry_antechambers

Skill      XL: |  1  2  3  4 |
---------------+-------------+-----
Maces & Flails | 3 4 5 |  5.9
Fighting       | |  3.2
Armour         | |  3.2
Shields        | |  3.2

Action                   |  1- 3 |  4- 6 || total
-------------------------+-------+-------++-------
Melee: Flail             |   120 |   162 ||   282
  Use: Scroll            |     6 |       ||     6
       Potion            |       |     2 ||     2
Armor: Scale mail        |    54 |   126 ||   180
Dodge: Dodged            |    57 |    90 ||   147
Block: Buckler           |    22 |    42 ||    64
